 Dungeon Crawl Stone Soup version 0.27.1-33-g824d729ab1 (webtiles) character file.

Game seed: 7544757852749721913

73 comborobin the Covert (level 4, -2/41 HPs)
             Began as a Gnoll Delver on Dec 28, 2021.
             Slain by an orc (4 damage)
             ... on level 2 of the Dungeon.
             The game lasted 00:01:21 (406 turns).

comborobin the Covert (Gnoll Delver)                 Turns: 406, Time: 00:01:21

Health: -2/41      AC:  3    Str: 13    XL:     4   Next: 27%
Magic:  5/5        EV: 13    Int:  9    God:
Gold:   42         SH:  0    Dex: 13    Spells: 5/5 levels left

rFire    . . .     SeeInvis .   a - +0 short sword
rCold    . . .     Faith    .   (no shield)
rNeg     . . .     Spirit   .   b - +0 leather armour
rPois    .         Reflect  .   (no helmet)
rElec    .         Harm     .   (no cloak)
rCorr    .         Rampage  .   (no gloves)
Will     .....                  (no boots)
Stlth    ++++......             (no amulet)
HPRegen  0.13/turn              (no ring)
MPRegen  0.09/turn              (no ring)

@: attractive, flying
A: fangs 1, strong nose, distributed training
a: no special abilities


You were on level 2 of the Dungeon.
You visited 1 branch of the dungeon, and saw 5 of its levels.

You collected 42 gold pieces.

Inventory:

Hand Weapons
 a - a +0 short sword (weapon)
Armour
 b - a +0 leather armour (worn)
Wands
 g - a wand of digging (3)
Scrolls
 c - 2 scrolls of fog
 d - a scroll of magic mapping
 i - a scroll of identify {unknown}
Potions
 f - 2 potions of haste


   Skills:
 + Level 6.6 Fighting
 + Level 4.6 Short Blades
 + Level 1.1 Long Blades
 + Level 1.1 Axes
 + Level 1.1 Maces & Flails
 + Level 1.1 Polearms
 + Level 1.1 Staves
 + Level 1.1 Slings
 + Level 1.1 Bows
 + Level 1.1 Crossbows
 + Level 1.1 Throwing
 + Level 1.1 Armour
 + Level 4.6 Dodging
 + Level 9.6 Stealth
 + Level 1.1 Shields
 + Level 1.1 Unarmed Combat
 + Level 1.1 Spellcasting
 + Level 0.8 Conjurations
 + Level 0.8 Hexes
 + Level 0.8 Summonings
 + Level 0.8 Necromancy
 + Level 0.8 Translocations
 + Level 0.8 Transmutations
 + Level 0.8 Fire Magic
 + Level 0.8 Ice Magic
 + Level 0.8 Air Magic
 + Level 0.8 Earth Magic
 + Level 0.8 Poison Magic
 + Level 1.2 Invocations
 + Level 1.1 Evocations


You had 5 spell levels left.
You didn't know any spells.
Your spell library was empty.

Dungeon Overview and Level Annotations

Branches:
Dungeon (6/15)
 Temple: D:4-7

Altars:

Shops:
D:4 =


Innate Abilities, Weirdness & Mutations

You have very sharp teeth.
Your uncanny sense of smell can sniff out nearby items.
Your experience applies equally to all skills.


Message History

The orc is moderately wounded.
The orc hits you with a +0 hand axe.
You barely miss the orc.
The orc is moderately wounded.
You barely miss the orc.
The orc is moderately wounded.
The orc hits you with a +0 hand axe.
* * * LOW HITPOINT WARNING * * *
You hit the orc.
The orc is moderately wounded.
You hit the orc but do no damage.
The orc is moderately wounded.
The orc hits you with a +0 hand axe.
* * * LOW HITPOINT WARNING * * *
You hit the orc but do no damage.
The orc is moderately wounded.
The orc hits you with a +0 hand axe.
* * * LOW HITPOINT WARNING * * *
Your extra speed is starting to run out.
It was a potion of attraction.
You feel attractive to monsters. The orc is pulled toward you!
You hit the orc but do no damage. You bite the orc, but do no damage.
The orc is lightly wounded.
The orc closely misses you.
Okay, then.
As you read the scroll of fear, it crumbles to dust.
You assume a fearsome visage.
The orc looks frightened!
The orc is pulled toward you! The orc is pulled toward you!
You hit the orc but do no damage.
Your attack snaps the orc out of its fear.
The orc is lightly wounded.
The orc hits you with a +0 hand axe.
* * * LOW HITPOINT WARNING * * *
You hit the orc but do no damage. Your bite misses the orc.
The orc is lightly wounded.
You feel yourself slow down. The orc hits you with a +0 hand axe.
You die...

#......# ########.####.#
#.....##.# #.#
##.###.##.####.#
#...##.##......#
#....#.........############
#)>.......................#
###.#.####......##########.##
#...#.###)..@o..#...######..#
#.###.....#...........).)....
#.# #####################...#
#.# ##... #.# ##.. #.# ∆ ∆ ∆
#.. #.# #.. #.# #r. #.#


You could see an orc.

Vanquished Creatures
  An iguana (D:6)
  Natasha (D:2)
  An adder (D:2)
  A worm (D:2)
  3 orcs (D:2)
  A hobgoblin (D:3)
  A quokka (D:2)
  A ball python (D:2)
10 creatures vanquished.

Notes
Turn   | Place    | Note
-------+----------+-------------------------------------------
     0 | D:5      | Reached skill level 9 in Stealth
     0 | D:5      | comborobin the Gnoll Delver began the quest for the Orb.
     0 | D:5      | Reached XP level 1. HP: 23/23 MP: 1/1
     1 | D:6      | Noticed an iguana
     4 | D:6      | Killed an iguana
     5 | D:6      | Reached XP level 2. HP: 29/29 MP: 2/2
     5 | D:6      | Reached XP level 3. HP: 35/35 MP: 3/3
    32 | D:4      | Found Kodaha's Jewellery Shoppe.
   328 | D:2      | Noticed Natasha
   355 | D:2      | Reached skill level 1 in Invocations
   367 | D:2      | Killed Natasha
   368 | D:2      | Reached skill level 1 in Long Blades
   368 | D:2      | Reached skill level 1 in Axes
   368 | D:2      | Reached skill level 1 in Maces & Flails
   368 | D:2      | Reached skill level 1 in Polearms
   368 | D:2      | Reached skill level 1 in Staves
   368 | D:2      | Reached skill level 1 in Slings
   368 | D:2      | Reached skill level 1 in Bows
   368 | D:2      | Reached skill level 1 in Crossbows
   368 | D:2      | Reached skill level 1 in Throwing
   368 | D:2      | Reached skill level 1 in Armour
   368 | D:2      | Reached skill level 1 in Shields
   368 | D:2      | Reached skill level 1 in Unarmed Combat
   368 | D:2      | Reached skill level 1 in Spellcasting
   368 | D:2      | Reached skill level 1 in Evocations
   368 | D:2      | Reached XP level 4. HP: 22/41 MP: 5/5
   395 | D:2      | HP: 2/41 [orc (3)]
   405 | D:2      | HP: 2/41 [orc (1)]
   406 | D:2      | Slain by an orc

Illustrated notes

Levels and vault maps discovered:
D:2:      kennysheep_six_static_rooms, layout_basic, uniq_natasha, uniq_robin
D:3:      layout_loops_corners
D:4:      layout_gridville, serial_shops, nicolae_stop_n_shop_1,
          minmay_mini_ossuary, uniq_ijyb, uniq_crazy_yiuf_cottage
D:5:      layout_basic, mainiacjoe_overflow_six_doors_small, minmay_manual_mess
D:6:      layout_loops_corners, uniq_edmund

Skill      XL: |  1  2  3 |
---------------+----------+-----
Stealth        | |  9.6
Invocations    | 1 |  1.2
Long Blades    | 1 |  1.1
Axes           | 1 |  1.1
Maces & Flails | 1 |  1.1
Polearms       | 1 |  1.1
Staves         | 1 |  1.1
Slings         | 1 |  1.1
Bows           | 1 |  1.1
Crossbows      | 1 |  1.1
Throwing       | 1 |  1.1
Armour         | 1 |  1.1
Shields        | 1 |  1.1
Unarmed Combat | 1 |  1.1
Spellcasting   | 1 |  1.1
Evocations     | 1 |  1.1
Fighting       | |  6.6
Short Blades   | |  4.6
Dodging        | |  4.6
Conjurations   | |  0.8
Hexes          | |  0.8
Summonings     | |  0.8
Necromancy     | |  0.8
Translocations | |  0.8
Transmutations | |  0.8
Fire Magic     | |  0.8
Ice Magic      | |  0.8
Air Magic      | |  0.8
Earth Magic    | |  0.8
Poison Magic   | |  0.8

Action                   |  1- 3 |  4- 6 || total
-------------------------+-------+-------++-------
Melee: Short sword       |    39 |    23 ||    62
       Bite              |     3 |     1 ||     4
       Punch             |     1 |       ||     1
  Use: Potion            |     1 |     3 ||     4
       Scroll            |       |     1 ||     1
 Stab: Sleeping          |     3 |       ||     3
Armor: Leather armour    |     5 |       ||     5
Dodge: Dodged            |    19 |     5 ||    24
